cohdb
Replays
Latest Replays
All Replays
Popular Replays
Top Player Replays
Match Explorer
How It Works
Community
CoH3 Stats
Reddit
Sign in to upload your games and track your stats! →
Sign in with Steam
Match 41094867
Unlisted
Match 41094867
Overview
Messages
Build Orders
End
Construct Section Command Post
Infantry Section
Infantry Section
Dingo Light Scout Car
Construct Platoon Command Post
Construct Platoon Command Post
Selects Heavy Armor Battlegroup
Humber Armored Car
Selects Rigorous Vehicle Training
Selects Forward Repair Assembly
Unlock Bishop Self-propelled Artillery
Selects UNKNOWN (2162094)
Bishop Self-propelled Artillery
CMP 15cwt Truck
Grenade Package
Construct Company Command Post
Selects Light Vehicle Withdraw and Refit
Selects UNKNOWN (202330)
Light Vehicle Withdraw and Refit
Churchill IV Heavy Tank
Foot Guards Section
Forward Retreat Point
Infantry Training
Armored Vehicle Training
Churchill IV Heavy Tank
Selects Recon Artillery
Recon Artillery
Street_Jesus
RCXJPng
Roger Templar
76561198013628798
Stenly96
El-Gri3go
MiGo$
Aleks
0
0
Comments
sign in to comment!
No comments posted yet!